Map: New Gettysburg LE

Players

Mustafa - Winner!

  • Race: Terran Terran

Demon

  • Race: Zerg Zerg

VOD

Have the link to the VOD?

Description

Time

  • Played on: Oct. 11, 2016, 11:56 a.m.
  • Length: 12:17
Show
View Real Time Build Order
Export as new Build Order

Mustafa Terran - Winner!

Build Orders:  

Get SALT Encoding   

  12  0:20  Supply Depot  
  12  0:27  Supply Depot  
  12  0:47  Barracks  
  12  0:49  SCV  
  13  0:54  Refinery  
  13  1:01  SCV  
  14  1:13  SCV  
  15  1:21  Barracks  
  15  1:25  SCV  
  16  1:41  Marine  
  17  1:51  SCV  
  18  2:03  SCV  
  19  2:15  SCV  
  19  2:21  Factory  
  19  2:22  Marine  
  20  2:25  Marine  
  22  2:31  Supply Depot  
  22  2:40  Marine, Orbital Command  
  22  2:43  Marine  
  24  3:15  Starport  
  24  3:27  Command Center  
  24  3:31  Marine x2  
  26  3:49  Marine  
  27  4:07  Marine  
  28  4:24  Marine  
  29  4:42  Marine, Supply Depot  
  29  4:43  SCV  
  31  4:47  Barracks Tech Lab  
  31  4:55  SCV  
  32  5:00  Medivac, Marine  
  32  5:06  Marauder  
  37  5:07  SCV  
  38  5:18  Marine  
  38  5:19  SCV  
  40  5:27  Marauder  
  42  5:30  Medivac  
  42  5:31  SCV  
  45  5:36  Marine  
  46  5:43  SCV  
  46  5:49  Marauder  
  49  5:53  Marine  
  49  5:54  Supply Depot  
  49  5:55  SCV  
  51  6:07  SCV  
  51  6:10  Marauder  
  54  6:11  Marine  
  55  6:19  SCV  
  56  6:29  Marine  
  56  6:31  Marauder, SCV  
  60  6:36  Medivac  
  62  6:44  SCV  
  63  6:47  Marine  
  63  6:53  Marauder  
  66  7:05  Marine  
  66  7:06  Medivac  
  69  7:22  Supply Depot  
  69  7:23  Marine  
  70  7:43  Marine  
  75  7:44  Marauder, Hellion  
  75  8:01  Marine  
  78  8:05  Hellion  
  78  8:28  Supply Depot  
  78  8:49  Marine  
  78  8:50  Medivac, Marauder, Supply Depot, Hellion  
  85  9:07  Marine  
  86  9:12  Marauder  
  86  9:13  Supply Depot  
  88  9:25  Marine  
  89  9:34  Marauder  
  91  9:43  Marine  
  92  9:55  Marauder  
  94  10:01  Marine  
  78  10:16  Marauder  
  78  10:19  Marine  
  80  10:36  Marine  
  80  10:38  Marauder  
Show
View Real Time Build Order
Export as new Build Order

Demon Zerg 

Build Orders: Pool Only 

Get SALT Encoding   

  12  0:04  Drone  
  13  0:15  Overlord  
  13  0:24  Drone  
  14  0:34  Drone  
  14  0:35  Drone  
  16  1:08  Extractor  
  15  1:17  Drone, Extractor  
  15  1:18  Drone  
  16  1:20  Drone  
  17  1:32  Spawning Pool  
  16  1:37  Drone  
  17  1:52  Drone x2  
  19  2:05  Drone  
  20  2:17  Drone  
  21  2:24  Zergling x2  
  22  2:38  Overlord  
  22  3:07  Drone  
  22  3:08  Drone  
  22  3:11  Zergling x2  
  24  3:48  Baneling Nest  
  23  3:49  Zergling x2  
  23  3:50  Zergling x4  
  26  4:05  Drone  
  27  4:24  Roach Warren  
  26  4:56  Baneling x3  
  26  4:57  Baneling x2  
  26  4:58  Baneling x3  
  26  5:05  Roach  
  26  5:06  Roach  
  30  5:12  Overlord  
  30  5:37  Lair  
  30  5:40  Roach  
  30  5:41  Roach x2  
  36  6:01  Roach  
  38  6:30  Evolution Chamber  
  37  6:33  Overlord  
  38  6:40  Drone  
  38  6:51  Drone  
  39  7:06  Roach x2  
  43  7:31  Hydralisk Den  
  43  7:33  Drone x2  
  44  7:38  Zergling x2  
  30  8:09  Baneling  
  30  8:16  Baneling  
  30  8:39  Hydralisk  
  30  8:40  Hydralisk x2  
  36  8:53  Drone  
  37  8:57  Queen  
  39  9:10  Drone  
  40  9:33  Queen  
  42  10:08  Queen  
  29  10:43  Drone  
  29  10:44  Queen, Drone x2  
  16  11:36  Roach x3  
Tags
 
Add a new tag
Caveats
  • Supply blocks, unpowered buildings, or Contaminate may cause inaccurate times.
  • Supply counts are checked every 10 seconds.